 Dungeon Crawl Stone Soup version 0.29.0-13-gc9e81de378 (webtiles) character file.

Game seed: 15919758826292584190

23201 raph the Arsonist (level 12, -3/68 HPs)
             Began as a Deep Elf Fire Elementalist on Sept 10, 2022.
             Was a High Priest of Sif Muna.
             Slain by a tyrant leech (25 damage)
             ... on level 3 of the Lair of Beasts.
             The game lasted 00:29:10 (19754 turns).

raph the Arsonist (Deep Elf Fire Elementalist)     Turns: 19754, Time: 00:29:10

Health: -3/68      AC: 15    Str:  5    XL:     12   Next: 69%
Magic:  8/27       EV: 14    Int: 26    God:    Sif Muna [*****.]
Gold:   664        SH:  0    Dex: 15    Spells: 5/30 levels left

rFire   + . .      SeeInvis +   b - staff of fire
rCold   . . .      Faith    .   (no shield)
rNeg    + . .      Spirit   .   E - +0 acid dragon scales
rPois   .          Reflect  .   z - +2 helmet
rElec   .          Harm     .   q - +0 cloak
rCorr   +          Rampage  .   m - +1 pair of gloves
Will    +....                   f - +1 pair of boots {Stlth+}
Stlth   +++++.....              c - amulet of regeneration
HPRegen 1.01/turn               o - ring of see invisible
MPRegen 0.20/turn               J - ring of positive energy

@: no status effects
A: no striking features
a: Renounce Religion, Channel Magic, Forget Spell, Divine Exegesis


You were on level 3 of the Lair of Beasts.
You worshipped Sif Muna.
Sif Muna was extremely pleased with you.
You visited 3 branches of the dungeon, and saw 13 of its levels.
You also visited: Sewer.

You collected 664 gold pieces.

Inventory:

Hand Weapons
 a - the +5 mace of Peguqoegg {flame, Will++ Stlth+}
   (You found it on level 2 of the Dungeon)

   It burns those it strikes, dealing additional fire damage.
   Will:      It greatly increases your willpower.
   Stlth:     It makes you more stealthy.
 i - a +0 dagger
 r - a +2 quarterstaff of chaos
 s - a +4 short sword
 H - a +4 scimitar of freezing
Armour
 f - a +1 pair of boots of stealth (worn)
 l - a +0 robe
 m - a +1 pair of gloves (worn)
 q - a +0 cloak (worn)
 z - a +2 helmet (worn)
 C - a +0 helmet
 E - +0 acid dragon scales (worn)
Magical Staves
 b - a staff of fire (weapon)
Jewellery
 c - an amulet of regeneration (around neck)
 o - a ring of see invisible (left hand)
 w - an amulet of magic regeneration
 J - a ring of positive energy (right hand)
 N - a ring of flight
Wands
 x - a wand of digging (5)
 y - a wand of roots (14)
 B - a wand of flame (15)
 F - a wand of quicksilver (8)
Scrolls
 j - 4 scrolls of teleportation
 K - 2 scrolls of fog
 L - a scroll of identify
 M - a scroll of amnesia
Potions
 d - 3 potions of brilliance
 e - a potion of berserk rage
 g - 7 potions of lignification
 h - 4 potions of haste
 k - 8 potions of curing
 n - 4 potions of might
 p - a potion of invisibility
 t - 2 potions of magic
 u - a potion of resistance
 v - 2 potions of heal wounds
 A - 3 potions of flight
 D - 2 potions of ambrosia
 I - a potion of cancellation
Miscellaneous
 G - a lightning rod (4/4)


   Skills:
 + Level 5.6 Fighting
 + Level 3.1 Staves
 - Level 3.8 Armour
 + Level 8.8 Dodging
 - Level 8.3 Stealth
 + Level 9.5 Spellcasting
 * Level 10.4 Conjurations
 + Level 2.4 Hexes
 + Level 4.9 Necromancy
 * Level 11.3 Fire Magic
 + Level 6.3 Invocations
 + Level 3.6 Evocations


You had 5 spell levels left.
You knew the following spells:

 Your Spells              Type           Power      Damage    Failure   Level
a - Foxfire               Conj/Fire      100%       2x1d9     1%          1
b - Scorch                Fire           100%       2d10      1%          2
c - Conjure Flame         Conj/Fire      80%        6-21      1%          3
d - Flame Wave            Conj/Fire      80%        2d17      1%          4
e - Inner Flame           Hex/Fire       64%        N/A       1%          3
f - Passwall              Tmut/Erth      10%        N/A       16%         2
g - Vampiric Draining     Necr           38%        2d8       3%          3
h - Sticky Flame          Conj/Fire      80%        2d9       1%          4
i - Dazzling Flash        Conj/Hex       90%        N/A       2%          3

Your spell library contained the following spells:

 Spells                   Type           Power      Damage    Failure   Level
 Slow                     Hex            96%        N/A       3%          1
 Ensorcelled Hibernation  Hex/Ice        36%        N/A       9%          2
 Confusing Touch          Hex            24%        N/A       11%         3
 Tukima's Dance           Hex            24%        N/A       11%         3
 Animate Dead             Necr           38%        N/A       13%         4
 Portal Projectile        Hex/Tloc       36%        N/A       19%         3
 Summon Guardian Golem    Hex/Summ       18%        N/A       19%         3
 Anguish                  Hex/Necr       15%        N/A       22%         4
 Swiftness                Air            12%        N/A       30%         3
 Passage of Golubria      Tloc           12%        N/A       69%         4
 Yara's Violent Unravell  Hex/Tmut       9%         3d6       86%         5
 Haunt                    Necr/Summ      12%        N/A       100%        7
 Infestation              Necr           19%        N/A       100%        8
 Fire Storm               Conj/Fire      40%        8d10      100%        9


Dungeon Overview and Level Annotations

Branches:
Dungeon (9/15)             Temple (1/1) D:4            Lair (3/5) D:9
  Swamp (0/4) Lair:3       Spider (0/4) Lair:2          Orc (0/2) D:9
  Sewer (visited)

Altars:
Ashenzari
Cheibriados
Dithmenos
Elyvilon
Fedhas
Gozag
Hepliaklqana
Kikubaaqudgha
Makhleb
Nemelex Xobeh
Okawaru
Qazlal
Ru
Sif Muna
Trog
Uskayaw
Vehumet
Wu Jian
Xom
Yredelemnul
Zin
The Shining One
Jiyva

Annotations:
D:8 3 runed translucent doors, sausages's ghost, novice MiFi
D:9 2 transporters, Anothat's ghost, journeyman TrMo
Lair:3 exclusion: fire elemental


Message History

The fire elemental completely resists.
You finish channelling waves of flame.
The fire elemental hits you. The fire elemental burns you! You resist.
* * * LOW HITPOINT WARNING * * *
You feel much better. The fire elemental hits you.
The fire elemental burns you! You resist.
* * * LOW HITPOINT WARNING * * *
As you read the scroll of teleportation, it crumbles to dust.
You feel strangely unstable. The fire elemental hits you.
The fire elemental burns you! You resist.
* * * LOW HITPOINT WARNING * * *
The fire elemental hits you. The fire elemental burns you! You resist.
* * * LOW HITPOINT WARNING * * *
Your surroundings suddenly seem different.
A tyrant leech is nearby!
Casting: Flame Wave (dangerous; 1% risk of failure)
Confirm with . or Enter, or press ? or * to list all spells.
Aiming: Sticky Flame (dangerous; 1% risk of failure)
Press: ? - help, Shift-Dir - straight line, f - tyrant leech
Aim: a tyrant leech (100% to hit)
You feel a surge of power!
The sticky flame hits the tyrant leech!
The tyrant leech is lightly wounded.
The tyrant leech is covered in liquid flames!
The tyrant leech burns!
Casting: Sticky Flame (dangerous; 1% risk of failure)
Confirm with . or Enter, or press ? or * to list all spells.
Aiming: Vampiric Draining (dangerous; 3% risk of failure)
Press: ? - help, Shift-Dir - straight line, f/p - tyrant leech
Aim: a tyrant leech (moderately wounded, covered in liquid flames)
You draw life force from the tyrant leech.
You feel life coursing into your body.
The tyrant leech burns!
The tyrant leech closely misses you.
Casting: Vampiric Draining (dangerous; 3% risk of failure)
Confirm with . or Enter, or press ? or * to list all spells.
Aiming: Vampiric Draining (dangerous; 3% risk of failure)
Press: ? - help, Shift-Dir - straight line, f/p - tyrant leech
Aim: a tyrant leech (moderately wounded, covered in liquid flames)
You draw life force from the tyrant leech!
You feel life coursing into your body.
The tyrant leech burns!
The tyrant leech bites you!!
You die...

.~~#PP#..#............#..#
##...
.................##......#
##..
...............P###......#
§...............##...###.#
.....................#####
......................#
.....................##
......................##
...........##..w@.....P#
...........##.....###..#
............#.#...#....#
#.#....P#....#####....## ##
####...##.....## #....#####..#
.##...###......###............
P###...#.....#..###...........
####...#.....##..###..........
#...........##....###÷÷......


You could see a tyrant leech (burning).

Vanquished Creatures
  2 hydras (Lair:2)
  Urug (Lair:2)
  Pikel (D:4)
  A black mamba (Lair:2)
  6 cane toads
  2 torpor snails
  Maggie (D:6)
  2 rime drakes
  4 komodo dragons
  A troll (D:8)
  2 tyrant leeches (Lair:3)
  4 blink frogs (Lair:3)
  Prince Ribbit (D:6)
  2 culicivoras (Lair:2)
  2 basilisks
  6 wyverns
  43 yaks
  3 steam dragons
  A redback (Lair:2)
  2 wargs (D:9)
  A swamp worm (Lair:3)
  5 water moccasins
  Duvessa (D:4)
  5 orc warriors (D:9)
  2 ice beasts
  A sky beast (D:7)
  2 black bears (D:6)
  2 ogres
  2 centaurs
  A phantom (D:5)
  A lemure (D:3)
  2 kobold brigands
  Blork the orc (D:4)
  10 bullfrogs
  2 necrophages
  A gnoll sergeant (D:6)
  5 scorpions
  12 wights
  18 killer bees
  Dowan (D:4)
  3 howler monkeys
  4 jellies
  3 gnoll boudas
  2 hounds (D:5)
  Crazy Yiuf (D:3)
  13 orc priests
  3 iguanas
  Natasha (thrice) (D:3)
  17 orc wizards
  7 hell rats (Lair:1)
  17 gnolls
  2 river rats
  7 adders
  A white imp (D:8)
  An ufetubus (D:6)
  5 worms
  A dart slug (D:3)
  48 orcs
  7 ball pythons
  4 bats
  11 endoplasms
  8 giant cockroaches
  4 goblins
  5 hobgoblins
  2 jackals (Sewer)
  6 quokkas
  2 frilled lizards
  10 kobolds
  10 rats
  A bush (Lair:2)
370 creatures vanquished.

Vanquished Creatures (collateral kills)
  6 foxfires
6 creatures vanquished.

Vanquished Creatures (others)
  1080 foxfires
  15 fungi
  69 plants
1164 creatures vanquished.

Grand Total: 1540 creatures vanquished

Notes
Turn   | Place    | Note
-------+----------+-------------------------------------------
     0 | D:1      | raph the Deep Elf Fire Elementalist began the quest for the
                  | Orb.
     0 | D:1      | Reached XP level 1. HP: 10/10 MP: 6/6
   774 | D:1      | Found a faded altar of an unknown god.
   857 | D:2      | Reached XP level 2. HP: 15/15 MP: 5/8
  1024 | D:2      | Learned a level 2 spell: Scorch
  1103 | D:2      | Identified the +5 mace of Peguqoegg {flame, Will++ Stlth+}
  1495 | D:2      | Reached XP level 3. HP: 20/20 MP: 6/9
  1567 | D:2      | Learned a level 3 spell: Conjure Flame
  2150 | D:2      | Identified a scroll of acquirement
  2150 | D:2      | Acquired a +0 pair of boots of stealth
  2423 | D:3      | Noticed a scorpion
  2433 | D:3      | Killed a scorpion
  2434 | D:3      | Reached skill level 4 in Fire Magic
  2434 | D:3      | Reached XP level 4. HP: 21/24 MP: 1/11
  2849 | D:3      | Noticed Natasha
  2854 | D:3      | Killed Natasha
  2855 | D:3      | Reached skill level 1 in Fighting
  3297 | D:3      | Noticed Natasha
  3620 | D:3      | Killed Natasha
  3621 | D:3      | Reached XP level 5. HP: 29/29 MP: 7/12
  3628 | D:3      | Learned a level 4 spell: Flame Wave
  3697 | D:3      | Noticed Natasha
  3701 | D:3      | Killed Natasha
  3762 | D:3      | Found a runed translucent door.
  3763 | D:3      | Noticed Crazy Yiuf
  3780 | D:3      | Killed Crazy Yiuf
  4086 | D:4      | Noticed Dowan
  4093 | D:4      | Killed Dowan
  4093 | D:4      | Noticed Duvessa
  4094 | D:4      | Reached XP level 6. HP: 34/34 MP: 5/14
  4725 | D:3      | Reached skill level 5 in Fire Magic
  4762 | D:4      | Noticed Blork the orc
  4770 | D:4      | Killed Blork the orc
  4771 | D:4      | Reached XP level 7. HP: 39/39 MP: 11/15
  5002 | D:4      | Killed Duvessa
  5048 | D:4      | Noticed Pikel
  5318 | D:4      | Reached skill level 5 in Spellcasting
  5336 | D:4      | Learned a level 3 spell: Inner Flame
  5677 | D:4      | Killed Pikel
  5678 | D:4      | Reached skill level 5 in Stealth
  5678 | D:4      | Reached skill level 5 in Conjurations
  5678 | D:4      | Reached skill level 6 in Fire Magic
  5678 | D:4      | Reached XP level 8. HP: 33/45 MP: 3/18
  5817 | D:4      | Found a staircase to the Ecumenical Temple.
  5838 | Temple   | Entered the Ecumenical Temple
  5937 | Temple   | Became a worshipper of Sif Muna the Loreminder
  6311 | D:4      | Reached skill level 5 in Dodging
  6664 | D:5      | Entered Level 5 of the Dungeon
  7060 | D:5      | Reached skill level 7 in Fire Magic
  7140 | D:5      | Found a glowing drain.
  7144 | Sewer    | Entered a sewer
  7157 | Sewer    | Reached * piety under Sif Muna
  7595 | Sewer    | Found a white marble altar of Elyvilon.
  7942 | D:5      | Reached skill level 1 in Invocations
  8146 | D:5      | Learned a level 2 spell: Passwall
  8246 | D:5      | Reached XP level 9. HP: 50/50 MP: 16/20
  9048 | D:6      | Noticed Maggie
  9058 | D:6      | Killed Maggie
  9059 | D:6      | Noticed Prince Ribbit
  9288 | D:6      | Killed Prince Ribbit
  9365 | D:6      | Reached ** piety under Sif Muna
  9798 | D:6      | Reached skill level 8 in Fire Magic
 10987 | D:7      | Reached skill level 1 in Armour
 11287 | D:7      | Reached XP level 10. HP: 56/56 MP: 16/22
 11290 | D:7      | Reached *** piety under Sif Muna
 12080 | D:8      | Found a runed translucent gate.
 12081 | D:8      | Found a runed translucent gate.
 12082 | D:8      | Found a runed translucent gate.
 12084 | D:8      | Noticed sausages's ghost (novice MiFi)
 12693 | D:8      | Reached skill level 9 in Fire Magic
 12735 | D:8      | Learned a level 3 spell: Vampiric Draining
 13127 | D:8      | Found a viscous altar of Jiyva.
 13352 | D:9      | Found a transporter.
 13448 | D:9      | Found a bloodstained altar of Trog.
 13661 | D:9      | Reached skill level 1 in Necromancy
 13762 | D:9      | Found a staircase to the Lair.
 13851 | D:9      | Reached **** piety under Sif Muna
 14224 | D:9      | Found a staircase to the Orcish Mines.
 14464 | D:9      | Found a bloodstained altar of Trog.
 14464 | D:9      | Found a transporter.
 14464 | D:9      | Noticed Anothat's ghost (journeyman TrMo)
 14464 | D:9      | Noticed a two-headed ogre
 14464 | D:9      | Noticed a deep troll
 14472 | D:9      | Noticed a moth of wrath
 14474 | D:9      | Reached XP level 11. HP: 62/62 MP: 17/24
 14973 | Lair:1   | Entered Level 1 of the Lair of Beasts
 15707 | Lair:1   | Reached skill level 10 in Fire Magic
 15712 | Lair:1   | Reached skill level 5 in Invocations
 15872 | Lair:1   | Reached skill level 1 in Evocations
 16496 | Lair:2   | Noticed Urug
 16506 | Lair:2   | Reached skill level 1 in Staves
 16508 | Lair:2   | Killed Urug
 16542 | Lair:2   | Reached skill level 5 in Fighting
 16914 | Lair:2   | Noticed a six-headed hydra
 16921 | Lair:2   | Killed a six-headed hydra
 17187 | Lair:2   | Found a hole to the Spider Nest.
 17235 | Lair:2   | Reached XP level 12. HP: 64/68 MP: 19/26
 17269 | Lair:2   | Reached ***** piety under Sif Muna
 17389 | Lair:2   | Noticed a four-headed hydra
 17395 | Lair:2   | Killed a four-headed hydra
 18031 | Lair:2   | Received a gift from Sif Muna
 18033 | Lair:2   | Got Sif Muna's Octavo of Hindering Flames {god gift}
 18044 | Lair:2   | Learned a level 4 spell: Sticky Flame
 18048 | Lair:2   | Learned a level 3 spell: Dazzling Flash
 18461 | Lair:3   | Reached skill level 10 in Conjurations
 18463 | Lair:3   | Reached skill level 1 in Hexes
 18463 | Lair:3   | Reached skill level 11 in Fire Magic
 19174 | Lair:3   | Found a staircase to the Swamp.
 19754 | Lair:3   | Slain by a tyrant leech

Illustrated notes

Levels and vault maps discovered:
D:1:      spicycebolla_arrival_xxxplode, layout_basic,
          dreamdust_ecumenical_altar_hidden_monk_grotto, hangedman_glass_teeth
D:2:      wad_woods_pond, layout_basic
D:3:      layout_basic, uniq_natasha, uniq_crazy_yiuf_cottage
D:4:      minmay_chambers_of_fours, layout_rooms,
          minmay_temple_entry_statues_pillars, serial_bayou_lagoon_b,
          uniq_pikel, uniq_blork_the_orc, uniq_duvessa
D:5:      layout_basic, gup_sewer_entry_spiral
D:6:      layout_layer_cave, uniq_maggie, uniq_prince_ribbit1
D:7:      layout_basic
D:8:      layout_basic, gammafunk_ghost_ooze, water_maze_lemuel
D:9:      layout_roguey, mainiacjoe_overflow_six_doors_small,
          erik_lair_orcish_takeover, david_orc_4,
          gammafunk_ghost_wrathful_warriors
Temple:   grunt_wide_crystal_templ
Lair:1:   layout_loops_ring, serial_bayou_shore_a
Lair:2:   layout_cave_pods, spider_nest_entry_funnel_web,
          chequers_serial_rivers_small_a, infiniplex_staircase_pool_2, uniq_urug
Lair:3:   layout_gridlike, minmay_swamp_entry_worms, minivault_19

Skill      XL: |  1  2  3  4  5  6  7  8  9 10 11 12 |
---------------+-------------------------------------+-----
Stealth        | 3 4 5 6 7 8 |  8.3
Conjurations   | 2 3 4 5 6 7 8 9 10 | 10.4
Dodging        | 3 4 5 6 7 8 |  8.8
Fire Magic     | 4 5 6 7 8 9 10 11 | 11.3
Fighting       | 1 2 3 4 5 |  5.6
Spellcasting   | 4 5 6 7 8 9 |  9.5
Invocations    | 1 3 4 5 6 |  6.3
Armour         | 1 2 3 |  3.8
Necromancy     | 1 3 4 |  4.9
Evocations     | 2 3 |  3.6
Staves         | 1 3 |  3.1
Hexes          | 2 |  2.4

Action                   |  1- 3 |  4- 6 |  7- 9 | 10-12 || total
-------------------------+-------+-------+-------+-------++-------
Melee: Unarmed           |     3 |       |       |       ||     3
       Dagger            |     1 |       |       |       ||     1
       Mace              |     3 |       |       |       ||     3
       Staff             |       |       |    25 |    47 ||    72
 Cast: Foxfire           |    59 |    70 |   258 |   230 ||   617
       Scorch            |     4 |     9 |    25 |    38 ||    76
       Conjure Flame     |       |       |     4 |       ||     4
       Flame Wave        |       |       |    19 |    67 ||    86
       Vampiric Draining |       |       |       |     5 ||     5
       Sticky Flame      |       |       |       |     3 ||     3
Invok: Channel Magic     |       |       |       |     3 ||     3
  Use: Scroll            |     9 |     2 |     3 |    11 ||    25
       Potion            |       |       |       |     3 ||     3
 Stab: Sleeping          |       |       |     1 |     1 ||     2
Armor: Robe              |     7 |     6 |    18 |       ||    31
       Acid dragon scale |       |       |    11 |   102 ||   113
Dodge: Dodged            |    16 |    11 |    55 |   187 ||   269
